AoeStats
← chingyflur

Migration

504940719Analyzed
1v1 RM · 25d ago on Sep 7, 2026· 32m 39s· 2 players
Game mode
Random Map
Map size
132×132
Population
200
Speed
Normal
Resources
Standard
Victory
Conquest
Starting age
Dark Age
Ending age
Imperial Age
RankedLock teamsTeams togetherTeam positionsShared explorationLock speedFull tech treeHidden civsTurbo modeCheats
Victory
Defeat
🇨🇱 Georgians · Chile
813
+16
🇳🇿 Vietnamese · New Zealand
805
-16
chingyflur
11:53 Feudal Age
12:43 Double-Bit Axe
14:44 Loom
29:34 Fletching
Libertifer
10:45 Feudal Age
21:06 Bloodlines
23:31 Fletching
29:48 Castle Age
27:38 Double-Bit Axe
29:56 Demolition Ship
30:19 Light Cavalry
Connection lost

Rejoining the realm…

Still unreachable

The connection could not be restored.

Session expired

The server has moved on; the page needs a fresh start.